Cogmind - Beta 17 @@@ ROGUE MODE // 2026.08.21 @ 01:08:52 Player: Six of Ten Result: Smashed by cave-in Performance ------------- Evolutions (1) 500 Regions Visited (2) 400 Robots Destroyed (17) 85 Value Destroyed (578) 578 Prototype IDs (0) 0 Alien Tech Used (0) 0 Bonus (0) 0 TOTAL SCORE: 1563 Bonus ------- None Cogmind --------- Core Integrity 0/400 Matter 240/300 Energy 121/125 System Corruption 21% Temperature Cool (68) Movement Treading (160) Location -9/Materials Parts ------- > --- POWER (1) -------- Light Ion Engine > --- PROPULSION (4) --- Light Treads Light Treads > --- UTILITY (2) ------ Small Storage Unit > --- WEAPON (2) ------- Beam Rifle > --- INVENTORY (8) ---- Wheel Compact Wheel Flight Unit Flight Unit Flight Unit Datajack Peak State ------------ > --- POWER ------------ Light Ion Engine > --- PROPULSION ------- Light Treads Light Treads Light Treads Light Treads > --- UTILITY ---------- Heat Sink Small Storage Unit > --- WEAPON ----------- Heavy EM Pulse Gun Beam Rifle > --- INVENTORY -------- Light Ion Engine Wheel Compact Wheel Flight Unit Flight Unit Flight Unit Datajack Mining Claw [Rating: 11] Favorites ----------- Power Ion Engine Engine Ion Engine Propulsion Light Treads Treads Light Treads Wheel Compact Wheel Utility Small Storage Unit Device ECM Suite Storage Small Storage Unit Protection Light Armor Plating Weapon Light Assault Rifle Energy Gun Beam Rifle Ballistic Gun Light Assault Rifle Slashing Weapon Mining Claw Build | -11 -10 -9 ------- Run | Yrd Mat Mat Slots Evolved 2 | . . 2 Power . | . . . Propulsion 2 | . . 2 Utility . | . . . Weapon . | . . . Parts Attached 26 | 8 4 14 Power 4 | 1 1 2 Engine 4 | 1 1 2 Core . | . . . Reactor . | . . . Propulsion 9 | 4 . 5 Treads 7 | 2 . 5 Leg . | . . . Wheel 2 | 2 . . Hover . | . . . Flight . | . . . Utility 4 | 1 1 2 Device 2 | . 1 1 Storage 1 | 1 . . Processor . | . . . Hackware . | . . . Protection 1 | . . 1 Artifact . | . . . Weapon 9 | 2 2 5 Energy Gun 5 | . . 5 Energy Cannon . | . . . Ballistic Gun 2 | 2 . . Ballistic Cannon . | . . . Launcher . | . . . Special Weapon . | . . . Impact Weapon . | . . . Slashing Weapon 2 | . 2 . Piercing Weapon . | . . . Special Melee Weapon . | . . . Unidentified Prototypes . | . . . Parts Lost 14 | . 1 13 Power 2 | . . 2 Propulsion 5 | . . 5 Utility 2 | . 1 1 Weapon 5 | . . 5 Highest Loss Streak 4 | . 1 4 To Critical Strikes . | . . . Average Backups 6 | 1 6 7 Power . | . 1 . Propulsion 2 | 1 2 3 Utility . | . . . Weapon 2 | . 3 1 Tool/Special . | . . . Unused Backups 6 | . . 6 Power 1 | . . 1 Propulsion 3 | . . 3 Utility . | . . . Weapon 1 | . . 1 Tool/Special 1 | . . 1 Average Slot Usage (%) 85 | . 94 77 Engine 11 | . 14 10 Treads 29 | . 28 30 Device 6 | . 8 4 Storage 12 | . 14 11 Protection 1 | . . 2 Energy Gun 8 | . . 15 Ballistic Gun 13 | . 27 2 Slashing Weapon 1 | . . 1 Peak Build Rating 11 | 6 7 11 Average Rating 7 | 4 6 8 On Entrance 4 | . 6 6 Avg Prop Armor Cover (%) . | . . . Naked Turns . | . . . Heaviest Build 17 | 12 15 17 Greatest Support 80 | 40 40 80 Greatest Overweight (x) . | . . . Average Overweight (x) . | . . . Largest Inventory Capacity 8 | 8 8 8 Average Capacity 7 | 7 8 8 Most Carried 8 | 3 8 8 Average Carried 6 | 1 6 7 Final Capacity 8 | 8 8 8 Final Carried 8 | 3 8 6 Class Distribution -------------------- 67% | Mutant 32% | Scavenger-Mutant Dominant Class ---------------- Mutant | -10/Materials Scavenger-Mutant | -9/Materials Resources | -11 -10 -9 ----------- Run | Yrd Mat Mat Matter Collected 505 | 273 142 90 Remotely . | . . . Salvage Created 683 | . 233 450 Parts 38 | . 12 26 Haulers Intercepted . | . . . Recyclers Shooed 1 | . . 1 Parts Field Recycled . | . . . Retrieved Matter . | . . . Parts Self-Destructed . | . . . Prevented . | . . . Parts Restored . | . . . Kills | -11 -10 -9 ------- Run | Yrd Mat Mat Combat Hostiles Destroyed 17 | . 6 11 Guns 17 | . 6 11 Classes Destroyed 4 | . 1 3 Swarmer 3 | . . 3 Grunt 9 | . 6 3 Brawler 1 | . . 1 Sentry 4 | . . 4 Best Kill Streak 4 | . 2 4 Combat Bots Only 4 | . 2 4 Max Kills in Single Turn 1 | . 1 1 Gunslinging . | . . . Exploded . | . . . Melee . | . . . Uniques/NPCs Destroyed . | . . . Combat | -11 -10 -9 -------- Run | Yrd Mat Mat Hostile Shots Fired 116 | . 56 60 Missed 29 | . 16 13 Hits 87 | . 40 47 Melee 3 | . . 3 Projectile 84 | . 40 44 Critical Strikes 3 | . . 3 Damage Taken 2277 | . 498 1779 Core 516 | . 65 451 Absorbed by Shields . | . . . Core Remaining (%) 87 | 100 74 . Volleys Fired 84 | . 37 47 Largest 2 | . 2 2 Hottest 101 | . 40 101 Shots Fired 143 | . 74 69 Gun 143 | . 74 69 Cannon . | . . . Launcher . | . . . Special . | . . . Kinetic 74 | . 74 . Thermal 67 | . . 67 Explosive . | . . . Electromagnetic 2 | . . 2 Robot Hit Streak 18 | . 9 18 Robot Miss Streak 3 | . 3 2 Penetration Max . | . . . Secondary Targets 1 | . . 1 Max Gunslinging Chain 1 | . . 1 Shots Hit Robots 95 | . 50 45 Core Hits 35 | . 16 19 Critical Kills . | . . . Critical Parts Destroyed 1 | . 1 . Critical Strikes 6 | . 1 5 Burn 5 | . . 5 Destroy 1 | . 1 . Melee Attacks 22 | . 2 20 Impact . | . . . Slashing 22 | . 2 20 Piercing . | . . . Sneak Attacks . | . . . Combat Hostiles . | . . . Follow-up Attacks . | . . . Damage Inflicted 1010 | . 413 597 Guns 1010 | . 413 597 Cannons . | . . . Explosions . | . . . Melee . | . . . Ramming . | . . . Kinetic 413 | . 413 . Thermal 585 | . . 585 Explosive . | . . . Electromagnetic 12 | . . 12 Impact . | . . . Slashing . | . . . Piercing . | . . . Highest Corruption 21 | . . 21 Average Corruption 5 | . . 5 Corruption Purged . | . . . Corruption Blocked . | . . . Effects 6 | . . 6 Message Errors 2 | . . 2 Matter Fused 3 | . . 3 Weapon Failures 1 | . . 1 Overload Shots . | . . . Overflow Damage . | . . . Projectiles . | . . . Explosions . | . . . Melee . | . . . Knockbacks . | . . . Impact . | . . . Kinetic . | . . . Secondary . | . . . Self-Inflicted Damage . | . . . Shots . | . . . Rammed . | . . . Targets Rammed . | . . . Kicked . | . . . Crushed . | . . . Highest Temperature 110 | . 18 110 Average Temperature 32 | . 8 41 Received Heat Transfer 489 | . 279 210 Siege Activations . | . . . Martial Activations . | . . . Shielding Activations . | . . . Robots Disrupted . | . . . Combat Hostiles . | . . . Robots Corrupted . | . . . Combat Hostiles . | . . . Parts Fried . | . . . Impact Corruptions . | . . . Robots Melted . | . . . Combat Hostiles . | . . . Parts Melted 11 | . . 11 Heat Transferred 1795 | . . 1795 Parts Sabotaged . | . . . Parts Stolen . | . . . Parts Stripped . | . . . Power Chain Reactions . | . . . Alert | -11 -10 -9 ------- Run | Yrd Mat Mat Maximum Alert Level . | . . . Low Security (%) 100 | 100 100 100 Level 1 . | . . . Level 2 . | . . . Level 3 . | . . . Level 4 . | . . . Level 5 . | . . . High Security . | . . . Max Security . | . . . Peak Influence 190 | . 50 190 Initial . | . . . Average 56 | . 13 100 Influence Increases 508 | . 167 341 Destroy 0b10 Robot/C 340 | . 120 220 Destroy Leader 90 | . 30 60 Destroy Structure 3 | . 2 1 Lose Combat Pursuer 75 | . 15 60 Influence Decreases 481 | . 164 317 Entered New Map 3 | . . 3 Time Decay 378 | . 154 224 Lost Part 100 | . 10 90 Squads Dispatched 2 | . 2 . Investigation . | . . . Extermination . | . . . Reinforcement 2 | . 2 . Assault . | . . . Garrison . | . . . Intercept . | . . . Searches Triggered . | . . . Construction Impeded . | . . . Haulers Reinforced . | . . . Active Scanning Responses . | . . . Cargo Convoy Interrupts . | . . . Stealth | -11 -10 -9 --------- Run | Yrd Mat Mat Distress Signals . | . . . Communications Jammed . | . . . Distress Signals . | . . . Times Spotted 31 | . 18 13 Peak Tracking Total 7 | . 3 7 Tactical Retreats 7 | . 5 2 ECM-based Alert Blocks 7 | . 7 . Traps | -11 -10 -9 ------- Run | Yrd Mat Mat Traps Triggered . | . . . Indirectly . | . . . Trap Hack Attempts . | . . . Triggered . | . . . Disarmed . | . . . Reprogrammed . | . . . Reused . | . . . Traps Extracted . | . . . Installed . | . . . Triggered . | . . . Machines | -11 -10 -9 ---------- Run | Yrd Mat Mat Machines Disabled . | . . . Max in Single Turn . | . . . Machines Repaired . | . . . Machines Dismantled . | . . . Machines Sabotaged . | . . . Overloaded Fab Kills . | . . . Hacking | -11 -10 -9 --------- Run | Yrd Mat Mat Machines Accessed 1 | . . 1 Terminals 1 | . . 1 Fabricators . | . . . Repair Stations . | . . . Recycling Units . | . . . Scanalyzers . | . . . Garrison Access . | . . . Total Hacks 1 | . . 1 Successful . | . . . Failed 1 | . . 1 Catastrophic 1 | . . 1 Database Lockouts . | . . . Manual . | . . . Terminals 1 | . . 1 Fabricators . | . . . Repair Stations . | . . . Recycling Units . | . . . Scanalyzers . | . . . Garrison Access . | . . . Terminal Hacks . | . . . Fabricator Hacks . | . . . Repair Station Hacks . | . . . Recycling Unit Hacks . | . . . Scanalyzer . | . . . Garrison Access Hacks . | . . . Unauthorized Hacks . | . . . Terminals . | . . . Fabricators . | . . . Repair Stations . | . . . Recycling Units . | . . . Scanalyzers . | . . . Garrison Access . | . . . Data Cores Recovered . | . . . Used . | . . . Hacking Detections 1 | . . 1 Full Trace Events . | . . . Feedback Events . | . . . Feedback Blocked . | . . . Robot Schematics Acquired . | . . . Robots Built . | . . . Authchips . | . . . Time . | . . . Total Robot Build Rating . | . . . Part Schematics Acquired . | . . . Parts Built . | . . . Authchips . | . . . Time . | . . . Total Part Build Rating . | . . . Part Studies Acquired . | . . . Parts Repaired . | . . . Time . | . . . Parts Recycled . | . . . Recycled Matter . | . . . Retrieved Matter . | . . . Retrieved Components . | . . . Parts Scanalyzed . | . . . Part Schematics Acquired . | . . . Parts Damaged . | . . . Bothacking | -11 -10 -9 ------------ Run | Yrd Mat Mat Used RIF Installer . | . . . Robots Hacked . | . . . Non-combat . | . . . Combat . | . . . Robot Hacks Applied . | . . . Relay Couplers Released . | . . . Fabnet Peak Effective % . | . . . Robots Rewired . | . . . Allies Hacked . | . . . Hacks Repelled . | . . . Allies | -11 -10 -9 -------- Run | Yrd Mat Mat Total Allies . | . . . Largest Group . | . . . Highest-Rated Group . | . . . Highest-Rated Ally . | . . . Total Orders . | . . . Ally Attacks . | . . . Total Damage . | . . . Kills . | . . . Allies Corrupted . | . . . Allies Melted . | . . . Intel | -11 -10 -9 ------- Run | Yrd Mat Mat Active Infowar (turns) 300 | . 300 . ECM 300 | . 300 . Robot Analysis Total . | . . . Derelict Logs Recovered . | . . . Drone Launches . | . . . Drone Recoveries . | . . . Exploration | -11 -10 -9 ------------- Run | Yrd Mat Mat Turns Passed 1092 | 86 462 544 Spaces Moved 442 | 58 181 203 Core 4 | 4 . . Treads 416 | 32 181 203 Legs . | . . . Wheels 22 | 22 . . Hover . | . . . Flight . | . . . Fastest Speed 50 | 50 160 160 Average Speed 155 | 126 160 160 Slowest Speed 160 | 160 160 160 Overloaded Moves . | . . . Propulsion Burnouts . | . . . Robots Hopped . | . . . Potential Cave-ins 19 | . . 19 Cave-ins Triggered 5 | . . 5 Exploration Rate (%) 23 | 4 47 18 Regions Visited 2 Branch Regions . Pre-discovered Areas . | . . . Known Exits Taken . | . . . Unknown Exits Taken 2 | 1 1 . Scrap Searched . | . . . Spaces Dug 22 | . 2 20 Terrain Destroyed 22 | . 2 20 Melee 22 | . 2 20 Projectile . | . . . AOE . | . . . Terrain Rammed . | . . . Walls Destroyed . | . . . Machines Disabled . | . . . Actions | -11 -10 -9 --------- Run | Yrd Mat Mat Total 667 | 68 289 310 Wait 64 | . 55 9 Move 438 | 57 180 201 Hop . | . . . Pick Up 13 | 1 5 7 Fast Attach 17 | 8 1 8 Attach 8 | . 2 6 Detach 4 | 2 2 . Swap 8 | . 4 4 Drop 8 | . 1 7 Fire 84 | . 37 47 Melee 22 | . 2 20 Ram . | . . . Kick . | . . . Crush . | . . . Escape Stasis 1 | . . 1 Rewire . | . . . Trap . | . . . Miscellaneous . | . . . Route ------- -11/Scrapyard -10/Materials (discovered 3 exits: *Mat x2 / [*Min]) -9/Materials (discovered 1 exit: [*Min]) History --------- Turn | Location | Event 18 | -11/Scrapyard | Discovered new exit (range 16) 87 | -11/Scrapyard | Entered Materials 245 | -10/Materials | Discovered new exit (range 16) 286 | -10/Materials | Discovered new exit (range 13) 305 | -10/Materials | Build established: Mutant 519 | -10/Materials | Discovered new exit (range 13) 549 | -10/Materials | Entered another Materials area 549 | -9/Materials | Evolved 2 slots: Propulsion x2 677 | -9/Materials | Lost 4 parts (1p2n1w) 945 | -9/Materials | Discovered new exit (range 9) 959 | -9/Materials | Build established: Scavenger-Mutant 1018 | -9/Materials | Crushed by falling debris 1022 | -9/Materials | Crushed by falling debris 1022 | -9/Materials | Crushed by falling debris 1022 | -9/Materials | Core integrity fell below 50% 1022 | -9/Materials | System corruption reached 10% 1053 | -9/Materials | Lost 4 parts (2n1u1w) 1058 | -9/Materials | Crushed by falling debris 1093 | -9/Materials | Crushed by falling debris 1093 | -9/Materials | Smashed by cave-in Last Messages --------------- 01018_ System corrupted by crushing effect (+2). 01022_ The unstable cave ceiling collapses. 01022_ Crushed by falling debris. 01022_ Lgt. Treads destroyed. 01022_ System corrupted by crushing effect (+2). 01022_ The unstable cave ceiling collapses. 01022_ Crushed by falling debris. 01022_ Lgt. Armor Plating destroyed. 01022_ System corrupted by crushing effect (+2). 01052_ I/P,OJ WXX OXPH877U8=>V= 6LEBJF 01057_ The unstable cave ceiling collapses. 01058_ Crushed by falling debris. 01058_ Mining Claw destroyed. 01058_ System corrupted by crushing effect (+4). 01058_ Lgt. Ion Engine destroyed. 01058_ System corrupted by crushing effect (+5). 01067_ System corrupted: Beam Rifle failed to cycle. 01077_ System corrupted: Matter fused (-9). 01093_ The unstable cave ceiling collapses. 01093_ Crushed by falling debris. Map ----- +----------------------------------------------------+ | # # ############+## | | # ! # | | # + " | | # # | | #=== ###+##+### ###/## | | #== #?# # ## ###+ | | #== #?# # ## # | | # #?# # ## # | | # #?# # ## # | | # #?# # ##% # | | # #?# # ## [# | | # #?######## ##/ # | | ### ###????????# ###### | | ??# #??????????# #????# | | ??###??????????# #????# | | ??###??????????# #????#### | | ??# #??????????? #???????? | | ??# #??????????? ????????? | | ??# #??????????????????????? | | ??###??????????????????????? | | ??###??????????????????????? | | ??# #??????????????????????? | | ??# #??????????????????????? | | ??# #??????????????????????? | | ??# #??????????????????????? | | ??#@#??????????????????????? | | ??# #??????????????????????? | | ??# #??????????????????????? | | ??###??????????????????????? | | ??# #??????????????????????? | | ??###??????????????????????? | | ???????????????????????????? | | ???????????????????????????? | | ???????????????????????????? | | ???????????????????????????? | | ???????????????????????????? | | ???????????????????????????? | | ???????????????????????????? | | ???????????????????????????? | | ???????????????????????????? | | ???????????????????????????? | | ???????????????????????????? | | ???????????????????????????? | | ???????????????????????????? | | ???????????????????????????? | | ???????????????????????????? | | ???????????????????????????? | | ???????????????????????????? | | ???????????????????????????? | | ???????????????????????????? | +----------------------------------------------------+ Best States ------------- Heat Dissipation 38 Energy Generation 10 Energy Capacity 250 Matter Stores 300 Matter Capacity 300 Sight Range 16 Terrain Scan Density 10 ECM Strength 1 Armor Coverage 150 Evasion (%) 42 Recoil Reduction 4 Item Schematics ----------------- None Robot Schematics ------------------ None Fabricated ------------ Nothing Repaired ---------- Nothing Studied --------- None Alien Tech Used ----------------- None Achievements -------------- None Challenges ------------ None Game ------ Seed CryofiberReactionTrident Manual? 0 Play Time 00:11:48 Cumulative 39.8 hours Start 2026.08.21 @ 00:57:25 End 2026.08.21 @ 01:08:52 Sessions 1 Manual Loads 0 Difficulty Rogue Special Mode None Game No. 53 Rogue 53 Adventurer 0 Explorer 0 Win Type - Total 0 Types 0/0/0/0/0/0/0/0/0/0 Lore% 17 Gallery% 30 Achievement% 21 Wizard Run 0 Options --------- Layout 0 ASCII 1 Keyboard 0 Movement Numpad Keybinds 0 Fullscreen 2 Font 18/SmallcapsGlow Map View 76x50 Zoom Use 0% Tactical HUD 1 Map Filters NONE Filters NONE Steam 1 RUN: 6606936a-a600-4f1d-9ce9-760288e9aa64